 Dungeon Crawl Stone Soup version bcrawl-1.17.3 (webtiles) character file.

Game seed: 18121206320172555083

114 ElectroBlueGuy the Sneak (level 4, -3/36 HPs)
             Began as an Oni Venom Mage on Oct 28, 2019.
             Killed from afar by an orc wizard (6 damage)
             ... with a magic dart
             ... on level 3 of the Dungeon.
             The game lasted 00:13:48 (1786 turns).

ElectroBlueGuy the Sneak (Oni Venom Mage)           Turns: 1786, Time: 00:13:49

Health: -3/36      AC:  2    Str: 11    XL:     4   Next: 98%
Magic:  0/9        EV: 13    Int: 18    God:
Gold:   69         SH:  0    Dex: 14    Spells: 1/7 levels left

rFire    . . .     SeeInvis .     - Unarmed
rCold    . . .     Gourm    .   (no shield)
rNeg     . . .     Faith    .   a - +0 animal skin
rPois    .         Spirit   +   (helmet restricted)
rElec    .         Reflect  .   (no cloak)
rCorr    .         Harm     .   (no gloves)
MR       .....                  (no boots)
Stlth    ++........             k - amulet of guardian spirit
HPRegen  0.12/turn              l - +3 ring of dexterity
MPRegen  0.11/turn              (no ring)

@: about to teleport, very slightly contaminated, slowed, very slow
A: oni magic, claws 1, fangs 1, horns 1
a: no special abilities


You were on level 3 of the Dungeon.
You were not hungry.

You visited 1 branch of the dungeon, and saw 3 of its levels.

You collected 69 gold pieces.

Inventory:

Missiles
 e - 322 bolts
 g - 65 poisoned needles (quivered)
Armour
 a - a +0 animal skin (worn)
Jewellery
 k - an amulet of guardian spirit (around neck)
 l - a +3 ring of dexterity (left claw)
Wands
 n - a wand of random effects (7)
Scrolls
 b - a scroll of teleportation
 h - 4 scrolls of identify
 m - a scroll of enchant weapon
Potions
 d - a potion of degeneration
 i - a potion of might {unknown}
 j - a potion of curing {unknown}
Comestibles
 c - a chunk of flesh
 f - 2 rations {!d}


   Skills:
 * Level 1.7 Fighting
 + Level 2.3 Dodging
 + Level 2.6 Stealth
 + Level 1.5 Unarmed Combat
 + Level 2.0 Spellcasting


You had one spell level left.
You knew the following spells:

 Your Spells              Type           Power        Failure   Level  Hunger
a - Sting                 Conj/Pois      #...         8%          1    #......
b - Poisonous Vapours     Pois/Air       #.....       12%         2    ###....
c - Ignite Poison         Fire/Tmut/Pois #.......     24%         3    ###....

Your spell library contained the following spells:

 Spells                   Type           Power        Failure   Level  Hunger
 Apportation              Tloc           ##....       7%          1    #......
 Swiftness                Chrm/Air       #.......     12%         2    ###....
 Olgreb's Toxic Radiance  Pois           ##......     54%         4    #####..
 Summon Scorpions         Summ/Pois      #.......     58%         4    #####..
 Venom Bolt               Conj/Pois      #.........   91%         5    ######.


Dungeon Overview and Level Annotations

Branches:
Dungeon (3/12)

Altars:
Xom


Innate Abilities, Weirdness & Mutations

You learn spells by gaining experience, not through books or religion.
You only train spellcasting to practice magic.
You have sharp fingernails.
You have very sharp teeth.
You have a pair of small horns on your head.


Message History

You scratch the orc wizard but do no damage.
The orc wizard is severely wounded.
Something hits you but does no damage.
The orc wizard hits you but does no damage.
Something hits you.
You scratch the orc wizard but do no damage.
You bite the orc wizard, but do no damage.
The orc wizard is severely wounded.
The orc wizard casts a spell at you. The magic dart hits you!
* * * LOW HITPOINT WARNING * * *
Something completely misses you.
Okay, then.
As you read the scroll of teleportation, it crumbles to dust.
You feel strangely unstable.
The orc wizard hits you with a +0 dagger.
* * * LOW HITPOINT WARNING * * *
The orc wizard casts a spell at you. The magic dart hits you!
You die...

#####.#
#.{...#
#@###.# #o#
#.#
#######.#
........#
######..####
#..)..#
####.....##
...........#


You could see an orc wizard.

Vanquished Creatures
  A hound (D:2)
  An orc wizard (D:3)
  An ooze (D:1)
  A dart slug (D:2)
  5 leopard geckos
  2 giant cockroaches (D:2)
  4 goblins
  7 hobgoblins
  3 jackals (D:2)
  4 kobolds
  A quokka (D:1)
  4 bats
  2 frilled lizards (D:1)
  9 rats
45 creatures vanquished.

Notes
Turn   | Place    | Note
-------+----------+-------------------------------------------
     0 | D:1      | ElectroBlueGuy the Oni Venom Mage began the quest for the
                  | Orb.
     0 | D:1      | Reached XP level 1. HP: 14/14 MP: 4/4
   171 | D:1      | HP: 1/21 [leopard gecko (4)]
   228 | D:1      | Reached XP level 2. HP: 3/22 MP: 3/6
   232 | D:1      | Learned a level 2 spell: Poisonous Vapours
   634 | D:1      | Reached XP level 3. HP: 22/27 MP: 4/7
   667 | D:1      | Reached skill level 1 in Fighting
  1117 | D:2      | Reached XP level 4. HP: 31/35 MP: 4/8
  1125 | D:2      | Learned a level 3 spell: Ignite Poison
  1215 | D:2      | Reached skill level 1 in Unarmed Combat
  1391 | D:2      | Found a shimmering altar of Xom.
  1786 | D:3      | Killed from afar by an orc wizard

Skill      XL: |  1  2  3  4 |
---------------+-------------+-----
Stealth        | 2 |  2.6
Dodging        | 2 |  2.3
Fighting       | 1 |  1.7
Unarmed Combat | 1 |  1.5
Spellcasting   | 2 |  2.0

Action                   |  1- 3 |  4- 6 || total
-------------------------+-------+-------++-------
Melee: Unarmed           |    74 |    43 ||   117
       Headbutt          |    11 |     4 ||    15
       Bite              |     1 |     4 ||     5
 Cast: Sting             |     3 |     9 ||    12
       Poisonous Vapours |    11 |     6 ||    17
       Ignite Poison     |       |     1 ||     1
  Use: Potion            |     1 |       ||     1
       Scroll            |       |     6 ||     6
 Stab: Sleeping          |     2 |     1 ||     3
  Eat: Chunk             |     2 |     2 ||     4
       Ration            |       |     1 ||     1
Armor: Animal skin       |    14 |    13 ||    27
Dodge: Dodged            |    50 |    42 ||    92
